 Dungeon Crawl Stone Soup version 0.21-a0-273-g0785366 (webtiles) character file.

95533 MirrMurr the Wrestler (level 15, -1/148 HPs)
             Began as a Troll Berserker on Sept 16, 2017.
             Was the Champion of Trog.
             Succumbed to a sea snake's poison
             ... on level 1 of the Shoals.
             The game lasted 01:13:44 (24913 turns).

MirrMurr the Wrestler (Troll Berserker)            Turns: 24913, Time: 01:13:44

Health: -1/148     AC: 15    Str: 29    XL:     15   Next: 66%
Magic:  0/14       EV:  5    Int:  4    God:    Trog [******]
Gold:   1958       SH: 16    Dex: 18    Spells: 14/14 levels left

rFire    + + .     SeeInvis .     - Unarmed
rCold    . . .     Gourm    +   q - +0 large shield
rNeg     . . .     Faith    .   p - +1 fire dragon scales
rPois    .         Spirit   +   (helmet restricted)
rElec    .         Reflect  .   e - scarf {Spirit}
rCorr    .         Harm     .   (gloves unavailable)
MR       +....                  (boots unavailable)
Stlth    ..........             (no amulet)
HPRegen  0.74/turn              Y - +5 ring of dexterity
MPRegen  0.14/turn              S - ring of protection from cold

@: lethally poisoned (-1 -> -38), barbed spikes, glowing, drained
A: unfitting armour, claws 3, fast metabolism 3, gourmand, regeneration 1,
shaggy fur 1, tough skin 2
a: Berserk, Trog's Hand, Brothers in Arms, Burn Spellbooks, Renounce Religion


You were on level 1 of the Shoals.
You worshipped Trog.
Trog was exalted by your worship.
You were very full.

You visited 4 branches of the dungeon, and saw 24 of its levels.
You also visited: Sewer, Ossuary and Volcano.

You collected 2174 gold pieces.
You spent 216 gold pieces at shops.

Inventory:

Hand Weapons
 b - a +1 blowgun
Missiles
 g - 25 large rocks (quivered)
 n - 144 poisoned needles
 I - 2 throwing nets {!f}
 Q - 6 javelins
Armour
 e - a scarf of spirit shield (worn)
 p - +1 fire dragon scales (worn)
 q - a +0 large shield (worn)
 y - a +2 cloak of poison resistance
Jewellery
 A - an uncursed ring of fire
 J - an uncursed ring of protection from magic
 S - a ring of protection from cold (right claw)
 X - a +3 ring of protection
 Y - a +5 ring of dexterity (left claw)
Wands
 i - a wand of clouds (3/9)
 l - a wand of lightning (9/15)
 t - a wand of polymorph (12/24)
 C - a wand of iceblast (6/15)
 O - a wand of scattershot (4/9)
 P - a wand of flame (0/48)
 R - a wand of digging (10/24)
 T - a wand of confusion (7/48)
 W - a wand of acid (6/15)
Scrolls
 h - 4 scrolls of magic mapping
 r - 13 scrolls of remove curse
 w - 14 scrolls of teleportation
 E - 3 scrolls of immolation
 G - 5 scrolls of enchant weapon
 N - 3 scrolls of enchant armour
 V - a scroll of recharging
Potions
 a - 7 potions of heal wounds
 j - 9 potions of curing
 k - 2 potions of ambrosia
 m - 7 potions of haste
 s - a potion of magic {unknown}
 u - a potion of resistance
 v - a potion of cancellation
 x - 4 potions of flight
 z - 4 potions of might
 B - 5 potions of agility
 D - 2 potions of mutation
 M - 3 potions of brilliance
Miscellaneous
 L - a sack of spiders
Comestibles
 c - 13 meat rations
 d - 16 royal jellies
 f - 32 fruits
 o - 2 chunks of flesh
 K - 16 bread rations


   Skills:
 - Level 9.5(9.0) Fighting
 - Level 10.0(9.5) Armour
 - Level 2.4(2.0) Dodging
 + Level 3.6(3.2) Shields
 * Level 21.3(20.7) Unarmed Combat


You had 14 spell levels left.
You didn't know any spells.

Dungeon Overview and Level Annotations

Branches:
Dungeon (15/15)            Temple (0/1) D:5            Lair (6/6) D:9
 Shoals (1/4) Lair:4       Spider (0/4) Lair:4        Slime (0/5) Lair:6
    Orc (2/2) D:10            Elf (0/3) Orc:2        Vaults (0/5) D:13
 Depths (0/5) D:15

Altars:
Ashenzari
Elyvilon
Fedhas
Gozag
Hepliaklqana
Qazlal
Sif Muna
Uskayaw
Vehumet
Wu Jian
Xom
The Shining One
Beogh

Shops:
D:4 *   D:6 (   D:8 *!:   Orc:2 [([%

Annotations:
D:13 2 runed doors, exclusion: door
Lair:4 exclusion: oklob plant


Innate Abilities, Weirdness & Mutations

You are too large for most types of armour.
You have claws for hands.
Your metabolism is lightning-fast.
You like to eat raw meat.
Your natural rate of healing is unusually fast.
You are covered in fur. (AC +1)
You have very tough skin. (AC +2)


Message History

You feel sick. The sea snake bites you!
* * * LOW HITPOINT WARNING * * *
The merfolk avatar chants its luring song.
Unknown command.
You eviscerate the merfolk avatar!!!
You are no longer entranced.
You kill the merfolk avatar!
Trog accepts your kill.
Trog appreciates your killing of a magic user.
You feel sick. The manticore barely misses you. The manticore claws you.
* * * LOW HITPOINT WARNING * * *
You block the manticore's attack.
The faun points at you and mumbles some strange words.
You resist with some effort. The sea snake bites you!
* * * LOW HITPOINT WARNING * * *
You are more poisoned.
The sea snake poisons you!
You miss the sea snake.
The sea snake is moderately wounded.
You die...

≈≈≈≈≈≈≈≈≈≈≈≈≈..
.≈≈≈≈≈≈(≈≈≈≈≈≈=
..≈≈≈≈≈≈.$.≈≈≈≈
.≈≈≈≈≈≈≈≈...≈≈≈≈
.≈≈≈≈≈≈≈≈≈.≈≈≈≈≈
≈≈≈≈≈≈≈≈≈..≈H≈≈≈
≈≈≈≈≈≈≈.≈≈≈..≈≈≈
≈≈≈≈≈≈≈HS# ≈≈
≈≈≈≈≈≈≈.@###.≈≈≈
..≈≈≈≈H≈....≈≈≈≈
..≈≈≈≈c<≈...≈≈≈.
.≈≈≈≈≈≈≈≈≈.≈≈≈..
.≈≈P≈≈≈≈≈≈≈≈≈≈..
≈≈P≈≈≈≈≈≈≈≈≈≈≈..
≈≈≈≈≈≈≈≈≈≈≈≈≈≈.#
≈P≈≈≈≈≈≈≈≈≈≈≈≈≈.
P≈≈...≈≈≈≈≈≈≈≈≈≈


You could see a sea snake, a faun and 2 manticores.

Vanquished Creatures
  Rupert (Lair:6)
  A sphinx (D:10)
  2 orc warlords (Orc:2)
  A red draconian (Volcano)
  Azrael (D:12)
  6 dire elephants (Lair:6)
  A merfolk impaler (D:13)
  Erolcha (D:12)
  7 hydras
  Harold (D:12)
  3 fire dragons
  An ice dragon (D:15)
  The ghost of dricus the Cruncher, a journeyman DsGl of Okawaru (D:10)
  4 vault guards (D:13)
  Erica (D:9)
  A catoblepas (Lair:6)
  A death knight (D:11)
  A merfolk avatar (Shoals:1)
  3 centaur warriors
  An anaconda (Lair:6)
  3 two-headed ogres
  A deep troll earth mage (D:10)
  3 tengu warriors
  2 orc high priests (Orc:2)
  Urug (D:15)
  3 skeletal warriors (D:15)
  A wizard (D:14)
  The ghost of Chiseanne the Ruffian, a novice TrWn of Wu Jian (D:7)
  Pikel (D:5)
  2 orc knights (Orc:2)
  5 ugly things
  4 cyclopes
  5 orc sorcerers (Orc:2)
  A wolf spider (D:15)
  3 oklob plants (Lair:6)
  A deep elf mage (D:15)
  10 elephants (Lair:6)
  3 manticores
  Maurice (D:8)
  Joseph (D:10)
  4 black mambas
  2 molten gargoyles (Volcano)
  3 gargoyles
  A centaur skeleton (D:10)
  9 spiny frogs
  2 efreet
  2 ice devils (Lair:6)
  6 komodo dragons
  A demonic crawler (Lair:4)
  A yaktaur (Volcano)
  8 trolls
  A hornet (D:15)
  A queen bee (shapeshifter) (D:13)
  A meliai (D:10)
  A polar bear (Lair:4)
  Prince Ribbit (D:8)
  6 slime creatures
  4 blink frogs (Lair:6)
  11 dream sheep
  6 hippogriffs
  The ghost of yrara the Skirmisher, an amateur GrFi (Sewer)
  A spriggan (Lair:4)
  4 shadows
  2 wraiths
  Sigmund (D:5)
  A vampire (D:11)
  A fire bat (Volcano)
  18 yaks
  5 wyverns
  A fire elemental (D:12)
  4 hungry ghosts
  2 basilisks
  A golden eye (shapeshifter) (D:15)
  4 vampire mosquitoes (D:14)
  A human (shapeshifter) (D:13)
  6 wargs
  An acid dragon (D:15)
  6 porcupines
  16 water moccasins
  4 hell hounds (D:12)
  A swamp drake (D:10)
  A black bear (Lair:4)
  A phantom (D:9)
  4 sky beasts
  27 orc warriors
  2 hornet zombies
  3 ice beasts
  8 ogres
  5 centaurs
  12 wolves
  15 crocodiles
  13 big kobolds
  Blork the orc (D:15)
  25 bullfrogs
  A gnoll sergeant (D:10)
  A water moccasin zombie (D:6)
  5 scorpions
  5 killer bees (D:13)
  11 wights
  4 howler monkeys
  An electric eel (Lair:4)
  13 crimson imps
  6 lava snakes (Volcano)
  2 centaur zombies (D:6)
  3 quasits
  5 bullfrog zombies (D:6)
  7 jellies
  A human zombie (Ossuary)
  26 orc priests
  35 orc wizards
  9 bullfrog skeletons
  7 hounds
  2 iguanas
  7 hell rats (Lair:5)
  Natasha (thrice) (D:2)
  12 worker ants
  4 killer bee zombies (D:6)
  A big kobold zombie (Ossuary)
  A hound zombie (D:6)
  A hound skeleton (D:6)
  3 mummies (Ossuary)
  4 gnolls
  2 worker ant zombies (D:6)
  10 adders
  9 river rats
  3 shadow imps
  A worker ant simulacrum (D:10)
  21 oozes
  4 adder zombies
  An adder skeleton (D:9)
  5 worms
  3 dart slugs
  6 leopard geckos
  98 orcs
  2 ball pythons
  A bat zombie (D:1)
  9 giant cockroaches
  5 goblins
  9 hobgoblins
  12 jackals
  74 kobolds
  3 quokkas
  10 bats
  3 frilled lizards
  2 giant cockroach zombies (D:6)
  A gnoll zombie (Ossuary)
  A goblin skeleton (D:6)
  2 goblin zombies
  6 hobgoblin zombies
  A jackal skeleton (D:6)
  A jackal zombie (D:6)
  4 kobold skeletons (D:6)
  A kobold zombie (Ossuary)
  2 leopard gecko skeletons
  A leopard gecko zombie (D:6)
  3 orc zombies
  A quokka skeleton (D:6)
  2 quokka zombies (D:6)
  25 rats
  2 plants (Lair:6)
886 creatures vanquished.

Vanquished Creatures (others)
  A centaur skeleton (D:15)
  A hippogriff (D:12)
  2 slaves (D:5)
  An orc priest (D:5)
  An orc wizard (D:5)
  2 orcs
  21 fungi
  7 plants
36 creatures vanquished.

Grand Total: 922 creatures vanquished

Notes
Turn   | Place    | Note
-------+----------+-------------------------------------------
     0 | D:1      | MirrMurr the Troll Berserker began the quest for the Orb.
     0 | D:1      | Reached XP level 1. HP: 22/22 MP: 0/0
   139 | D:1      | Reached XP level 2. HP: 22/29 MP: 1/1
   573 | D:1      | Found a shattered altar of Ashenzari.
   731 | D:2      | Reached XP level 3. HP: 36/36 MP: 2/2
   877 | D:2      | Noticed Natasha
   883 | D:2      | Killed Natasha
   883 | D:2      | Reached ** piety under Trog
   883 | D:2      | Reached skill level 4 in Unarmed Combat
   907 | D:2      | Reached XP level 4. HP: 43/45 MP: 3/3
  1062 | D:2      | Noticed Natasha
  1071 | D:2      | Killed Natasha
  1363 | D:2      | Noticed Natasha
  1366 | D:2      | Killed Natasha
  1366 | D:2      | Reached skill level 5 in Unarmed Combat
  1366 | D:2      | Reached XP level 5. HP: 53/53 MP: 4/4
  1453 | D:3      | Reached skill level 1 in Armour
  1710 | D:3      | Reached *** piety under Trog
  1818 | D:3      | Found a glowing drain.
  1863 | Sewer    | Entered a sewer
  1867 | Sewer    | Noticed yrara's ghost (amateur GrFi)
  1882 | Sewer    | Killed yrara's ghost
  1882 | Sewer    | Reached skill level 6 in Unarmed Combat
  1882 | Sewer    | Reached XP level 6. HP: 61/61 MP: 5/5
  2033 | Sewer    | Reached XP level 7. HP: 67/67 MP: 6/6
  2147 | Sewer    | Reached **** piety under Trog
  2148 | Sewer    | Reached skill level 7 in Unarmed Combat
  2784 | D:3      | Found a shimmering altar of Xom.
  3181 | D:4      | Found Xugior's Assorted Antiques.
  3926 | D:4      | Reached skill level 8 in Unarmed Combat
  3930 | D:4      | Reached ***** piety under Trog
  4103 | D:4      | Reached XP level 8. HP: 68/75 MP: 7/7
  4490 | D:5      | Entered Level 5 of the Dungeon
  4490 | D:5      | Noticed Sigmund
  4500 | D:5      | Killed Sigmund
  4500 | D:5      | Reached skill level 9 in Unarmed Combat
  4572 | D:5      | Found a staircase to the Ecumenical Temple.
  4787 | D:5      | Noticed Pikel
  4810 | D:5      | Killed Pikel
  4810 | D:5      | Reached skill level 5 in Armour
  4810 | D:5      | Reached skill level 10 in Unarmed Combat
  4810 | D:5      | Reached XP level 9. HP: 81/81 MP: 8/8
  5002 | D:5      | Found a blossoming altar of Fedhas.
  5218 | D:6      | Received a gift from Trog
  5236 | D:6      | Reached skill level 11 in Unarmed Combat
  5339 | D:6      | Found a radiant altar of Vehumet.
  5352 | D:6      | Found an opulent altar of Gozag.
  5352 | D:6      | Found a hide-covered altar of Uskayaw.
  5378 | D:6      | Found a glowing golden altar of the Shining One.
  5490 | D:6      | Found Ydigutt's Antique Weapon Shoppe.
  5827 | D:7      | Found a white marble altar of Elyvilon.
  5874 | D:7      | Noticed Chiseanne's ghost (novice TrWn)
  5875 | D:7      | Found a sand-covered staircase.
  5885 | D:7      | Killed Chiseanne's ghost
  5885 | D:7      | Reached skill level 12 in Unarmed Combat
  5885 | D:7      | Reached XP level 10. HP: 66/91 MP: 9/9
  5890 | Ossuary  | Entered an ossuary
  6570 | D:8      | Noticed Prince Ribbit
  6581 | D:8      | Killed Prince Ribbit
  6592 | D:8      | Found Cianah's Assorted Antiques.
  6671 | D:8      | Found a hazy altar of Hepliaklqana.
  6736 | D:8      | Noticed Maurice
  6752 | D:8      | Killed Maurice
  6839 | D:8      | Found Guaveiw's Distillery.
  6887 | D:8      | Found Qijess's Book Shoppe.
  7035 | D:8      | Reached skill level 13 in Unarmed Combat
  7038 | D:8      | Received a gift from Trog
  7078 | D:8      | Noticed a two-headed hydra
  7084 | D:8      | Killed a five-headed hydra
  7084 | D:8      | Reached ****** piety under Trog
  7469 | D:9      | Noticed Erica
  7511 | D:9      | Killed Erica
  7511 | D:9      | Reached XP level 11. HP: 62/97 MP: 10/10
  8015 | D:9      | Found a staircase to the Lair.
  8049 | D:9      | Found an ornate altar of the Wu Jian Council.
  8361 | D:10     | Entered Level 10 of the Dungeon
  8419 | D:10     | Reached skill level 14 in Unarmed Combat
  8548 | D:10     | Noticed dricus's ghost (journeyman DsGl)
  8567 | D:10     | Killed dricus's ghost
  8613 | D:10     | Received a gift from Trog
  8938 | D:10     | Noticed Joseph
  8951 | D:10     | Killed Joseph
  9047 | D:10     | Found a runed door.
  9339 | D:10     | Found a staircase to the Orcish Mines.
  9655 | D:10     | Noticed a sphinx
  9659 | D:10     | Noticed a deep troll earth mage
  9668 | D:10     | Killed a sphinx
  9668 | D:10     | Reached skill level 15 in Unarmed Combat
  9672 | D:10     | Noticed a fire dragon
  9679 | D:10     | Killed a deep troll earth mage
  9687 | D:10     | Noticed a purple ugly thing
  9688 | D:10     | Killed a fire dragon
  9697 | D:10     | Killed a purple ugly thing
  9701 | D:10     | Got a fabulously ornate robe
  9716 | D:10     | Identified the +1 robe "Mepixt" {MR+} (You took it off a kobold on level 10 of the Dungeon)
  9763 | D:11     | Noticed a red ugly thing
  9777 | D:11     | Killed a red ugly thing
  9777 | D:11     | Reached XP level 12. HP: 56/105 MP: 11/11
  9937 | D:11     | Noticed a death knight
  9952 | D:11     | Killed a death knight
 10268 | D:11     | Reached skill level 16 in Unarmed Combat
 10335 | D:11     | Noticed a two-headed ogre
 10344 | D:11     | Killed a two-headed ogre
 10668 | D:12     | Noticed a two-headed ogre
 10675 | D:12     | Killed a two-headed ogre
 10780 | D:12     | Reached skill level 10 in Armour
 10845 | D:12     | Noticed a two-headed ogre
 10853 | D:12     | Killed a two-headed ogre
 10944 | D:12     | Noticed Azrael
 10958 | D:12     | Received a gift from Trog
 10965 | D:12     | Killed Azrael
 11131 | D:12     | Noticed Harold
 11148 | D:12     | Killed Harold
 11263 | D:12     | Noticed Erolcha
 11280 | D:12     | Killed Erolcha
 11280 | D:12     | Reached skill level 17 in Unarmed Combat
 11410 | D:12     | Found a stormy altar of Qazlal.
 11615 | Lair:1   | Entered Level 1 of the Lair of Beasts
 11707 | Lair:1   | Noticed a five-headed hydra
 11715 | Lair:1   | Killed a six-headed hydra
 11715 | Lair:1   | Reached XP level 13. HP: 109/117 MP: 12/12
 11908 | Lair:1   | Reached skill level 5 in Fighting
 12336 | Lair:1   | Noticed a fire dragon
 12344 | Lair:1   | Killed a fire dragon
 12495 | Lair:1   | Found the +9 staff of Wucad Mu {channel}
 14500 | Lair:4   | Found a staircase to the Shoals.
 14549 | Lair:4   | Received a gift from Trog
 14606 | Lair:4   | Found a hole to the Spider Nest.
 14953 | Lair:4   | Reached skill level 18 in Unarmed Combat
 15599 | Lair:5   | Found a dark tunnel.
 15645 | Volcano  | Entered a volcano
 16379 | Volcano  | Found a bloodstained altar of Trog.
 16424 | Volcano  | Noticed a red draconian
 16436 | Volcano  | Killed a red draconian
 17609 | Lair:6   | Entered Level 6 of the Lair of Beasts
 17737 | Lair:6   | Found a frozen archway.
 17783 | Lair:6   | Reached XP level 14. HP: 121/133 MP: 13/13
 17785 | Lair:6   | Received a gift from Trog
 17962 | Lair:6   | Reached skill level 19 in Unarmed Combat
 18107 | Lair:6   | Found a staircase to the Slime Pits.
 18183 | Lair:6   | Noticed Rupert
 18215 | Lair:6   | Killed Rupert
 19919 | Lair:6   | Got a faintly glowing robe
 19930 | Lair:6   | Identified the +0 robe of Subjectivity {-Tele Dex+2 SInv Stlth+} (You found it on level 6 of the Lair of Beasts)
 20483 | D:13     | Reached skill level 20 in Unarmed Combat
 20714 | D:13     | Received a gift from Trog
 20838 | D:13     | Found a gate to the Vaults.
 20916 | D:13     | Found a runed warning-scrawled door.
 20969 | D:13     | Found a runed door.
 20970 | D:13     | Found a runed door.
 21522 | D:14     | Reached XP level 15. HP: 140/146 MP: 14/14
 21947 | D:15     | Entered Level 15 of the Dungeon
 22285 | D:15     | Noticed Urug
 22295 | D:15     | Killed Urug
 22426 | D:15     | Reached skill level 1 in Shields
 22446 | D:15     | Noticed Blork the orc
 22458 | D:15     | Killed Blork the orc
 22512 | D:15     | Found a deep blue altar of Sif Muna.
 22710 | D:15     | Found a staircase to the Depths.
 23202 | Orc:1    | Entered Level 1 of the Orcish Mines
 23613 | Orc:2    | Entered Level 2 of the Orcish Mines
 23764 | Orc:2    | Noticed an orc warlord
 23798 | Orc:2    | Killed an orc warlord
 23798 | Orc:2    | Reached skill level 21 in Unarmed Combat
 23800 | Orc:2    | Received a gift from Trog
 23927 | Orc:2    | Received a gift from Trog
 23967 | Orc:2    | Found a roughly hewn altar of Beogh.
 23996 | Orc:2    | Found a roughly hewn altar of Beogh.
 24008 | Orc:2    | Found Qomynu's Antique Armour Emporium.
 24107 | Orc:2    | Noticed an orc warlord
 24180 | Orc:2    | Found a staircase to the Elven Halls.
 24318 | Orc:2    | Killed an orc warlord
 24362 | Orc:2    | Found Bonorid's Antique Weapon Boutique.
 24365 | Orc:2    | Found Odghut's Antique Armour Shop.
 24377 | Orc:2    | Found a roughly hewn altar of Beogh.
 24386 | Orc:2    | Bought a runed scarf for 216 gold pieces
 24480 | Orc:2    | Found a roughly hewn altar of Beogh.
 24499 | Orc:2    | Found Oroa's Food Shoppe.
 24581 | Orc:2    | Received a gift from Trog
 24891 | Shoals:1 | Entered Level 1 of the Shoals
 24912 | Shoals:1 | HP: 3/148 [sea snake (11)]
 24913 | Shoals:1 | Succumbed to a sea snake's poison

Vault maps used:
D:1:      saegor_arrival_fortress, minivault_19, moated_statue, corner_web_ring,
          ashenzari_altar_1
D:2:      uniq_natasha
D:3:      led_xom_imps, portal_sewer_entry_c, minmay_splitting_lines,
          grunt_ministairs_11, minmay_misc_feat_x, wad_orctagon
D:4:      minmay_goblin_kobold_castle, serial_shops, nicolae_shop_stone,
          first_bread
D:5:      minmay_temple_entry_junction_2, kennysheep_another_room,
          minmay_fountain_box, fedhas_altar_4, uniq_pikel, uniq_sigmund
D:6:      grunt_temple_overflow_open, serial_shops, shop, serial_undead,
          serial_undead_f, serial_undead_b, serial_undead_f, serial_undead_c,
          serial_undead_f, serial_undead_d, serial_undead_a, serial_undead_f,
          serial_undead_f, serial_undead_d, nicolae_tso_besieged_by_evil
D:7:      elyvilon_altar_4, nicolae_ossuary_entry_ruins
D:8:      lemuel_slime, lemuel_round_altar, serial_shops, kennysheep_little_box,
          nicolae_shop_crystal, nicolae_shop_behind_doors, enter_bailey_2,
          hangedman_ranch, uniq_prince_ribbit1, uniq_maurice
D:9:      old_standard_altar, lair_entry_dummy, uniq_erica
D:10:     erik_orc_1, minivault_13, uniq_joseph
D:12:     basic_altar, uniq_azrael, uniq_erolcha, uniq_harold
D:13:     lightli_vaults_fourway_checkpoint, mikee_hates_you
D:14:     hangedman_decor_growths
D:15:     grunt_enter_depths_hoard, nicolae_two_hexagons, tgw_sif, uniq_urug
Lair:1:   dragon1_lemuel, beast_lair_carwin_8
Lair:4:   elwin_shoals_entry_rocks, nicolae_spider_entry_non_spiders,
          grunt_forest_stairs_clearing, infiniplex_staircase_pool,
          minmay_lair_oklob_chamber
Lair:5:   nicolae_volcano_entry_two_sided, lemuel_fruit_fields
Lair:6:   due_jungle_book, minmay_slime_entry_oklob_open,
          portal_ice_cave_demonic_guard, grunt_megastairs_5, uniq_rupert
Shoals:1: serial_shops, nicolae_shop_stone
Orc:2:    grunt_orc_community_town_hall, grunt_orc_community_big_house_1,
          grunt_orc_community_big_house_1, grunt_orc_community_house_3,
          grunt_orc_community_house_2, grunt_orc_community_house_3,
          grunt_orc_community_house_1, grunt_orc_community_house_3
Sewer:    sewer_minmay_treatment
Ossuary:  ossuary_crypta
Volcano:  volcano_lake

Skill      XL: |  1  2  3  4  5  6  7  8  9 10 11 12 13 14 15 |
---------------+----------------------------------------------+-----
Fighting       | 3 4 7 9 |  9.5
Unarmed Combat | 4 5 6 8 10 12 13 15 17 18 20 21 | 21.3
Armour         | 2 3 5 6 8 9 10 | 10.0
Shields        | 3 |  3.6
Dodging        | |  2.4

Action                   |  1- 3 |  4- 6 |  7- 9 | 10-12 | 13-15 || total
-------------------------+-------+-------+-------+-------+-------++-------
Melee: Unarmed           |    82 |   183 |   480 |   606 |  1108 ||  2459
       Punch             |     1 |     3 |    25 |    57 |    88 ||   174
 Fire: Hunting sling     |       |       |       |   137 |   354 ||   491
       Blowgun           |       |       |       |       |     5 ||     5
Throw: Large rock        |       |       |       |     3 |    14 ||    17
       Javelin           |       |       |       |       |     2 ||     2
Invok: Burn Spellbooks   |       |     1 |       |     1 |     1 ||     3
       Berserk           |       |     1 |     2 |     4 |     8 ||    15
       Trog's Hand       |       |       |     1 |     3 |     9 ||    13
Evoke: Wand              |       |       |       |       |    16 ||    16
  Use: Scroll            |       |     4 |    17 |     5 |     9 ||    35
       Potion            |       |       |       |       |     5 ||     5
 Stab: Invisible         |       |       |       |       |     1 ||     1
  Eat: Chunk             |    13 |    12 |    38 |    66 |   138 ||   267
Armor: Robe              |    11 |       |       |       |       ||    11
       Animal skin       |     4 |       |       |       |       ||     4
       Fire dragon scale |    33 |   112 |   350 |   312 |   604 ||  1411
Dodge: Dodged            |    49 |   101 |   239 |   199 |   390 ||   978
Block: Large shield      |       |       |       |       |   291 ||   291

Table legend:
 A = Spawn XP
 B = Non-spawn XP
 C = Spawn XP percentage of total XP
 D = Spawn monster count
 E = Non-spawn monster count
 F = Spawn count percentage of total count
 G = Total turns spent on level
                    A         B        C        D         E        F      G
               +---------+---------+-------+---------+---------+-------+---------
         Total |       0 |  136476 |   0.0 |       0 |     885 |   0.0 | 24913
               +---------+---------+-------+---------+---------+-------+---------
           D:1 |       0 |      39 |   0.0 |       0 |      20 |   0.0 |   720
           D:2 |       0 |     162 |   0.0 |       0 |      26 |   0.0 |   732
           D:3 |       0 |     392 |   0.0 |       0 |      42 |   0.0 |   978
           D:4 |       0 |     837 |   0.0 |       0 |      54 |   0.0 |  1403
           D:5 |       0 |    1073 |   0.0 |       0 |      16 |   0.0 |   674
           D:6 |       0 |    1903 |   0.0 |       0 |      60 |   0.0 |   558
           D:7 |       0 |    1525 |   0.0 |       0 |      16 |   0.0 |   615
           D:8 |       0 |    4096 |   0.0 |       0 |      48 |   0.0 |   906
           D:9 |       0 |    1930 |   0.0 |       0 |      19 |   0.0 |  1042
          D:10 |       0 |    8776 |   0.0 |       0 |      54 |   0.0 |  1629
          D:11 |       0 |    6302 |   0.0 |       0 |      19 |   0.0 |   750
          D:12 |       0 |    9405 |   0.0 |       0 |      52 |   0.0 |  1049
          D:13 |       0 |   12017 |   0.0 |       0 |      42 |   0.0 |  1353
          D:14 |       0 |    5349 |   0.0 |       0 |      20 |   0.0 |   495
          D:15 |       0 |   13457 |   0.0 |       0 |      35 |   0.0 |  1116
        Lair:1 |       0 |    5010 |   0.0 |       0 |      18 |   0.0 |  1070
        Lair:2 |       0 |    1632 |   0.0 |       0 |      13 |   0.0 |   856
        Lair:3 |       0 |    3804 |   0.0 |       0 |      19 |   0.0 |   993
        Lair:4 |       0 |    5578 |   0.0 |       0 |      26 |   0.0 |  1107
        Lair:5 |       0 |    2622 |   0.0 |       0 |      18 |   0.0 |  1183
        Lair:6 |       0 |   28999 |   0.0 |       0 |      60 |   0.0 |  2359
      Shoals:1 |       0 |     930 |   0.0 |       0 |       1 |   0.0 |    22
         Orc:1 |       0 |    1830 |   0.0 |       0 |      18 |   0.0 |   491
         Orc:2 |       0 |   13902 |   0.0 |       0 |     114 |   0.0 |  1055
         Sewer |       0 |     532 |   0.0 |       0 |      49 |   0.0 |   657
       Ossuary |       0 |     129 |   0.0 |       0 |      11 |   0.0 |   211
       Volcano |       0 |    4245 |   0.0 |       0 |      15 |   0.0 |   889
               +---------+---------+-------+---------+---------+-------+---------
